 Dungeon Crawl Stone Soup version 0.20-a0-522-g0b37eee (webtiles) character file.

220 Kaname the Skirmisher (level 5, -7/42 HPs)
             Began as a Demonspawn Skald on Jan 25, 2017.
             Mangled by an orc priest
             ... wielding a +0 flail
              (13 damage)
             ... on level 4 of the Dungeon.
             The game lasted 00:06:35 (3294 turns).

Kaname the Skirmisher (Demonspawn Skald)            Turns: 3294, Time: 00:06:35

Health: -7/42      AC:  7    Str: 12    XL:     5   Next: 64%
Magic:  7/9        EV: 11    Int: 15    God:
Gold:   285        SH:  0    Dex:  9    Spells: 2/10 levels left

rFire    . . .     SeeInvis +   x - +5 long sword of Zeushrao {venom, MR++ Dex-3 SInv Stlth+}
rCold    . . .     Gourm    .   b - +0 leather armour
rNeg     . . .     Faith    .   (no shield)
rPois    .         Spirit   .   p - +2 helmet
rElec    .         Reflect  .   f - +0 cloak
rCorr    .         Harm     +   (no gloves)
MR       ++...                  (no boots)
Stlth    ++........             g - amulet of harm
Regen    0.2/turn               (no ring)
                                (no ring)

@: infused (expiring)
A: talons 2, rot immunity
a: no special abilities


You were on level 4 of the Dungeon.
You were not hungry.

You visited 1 branch of the dungeon, and saw 4 of its levels.

You collected 285 gold pieces.

Inventory:

Hand Weapons
 a - a +0 spear
 e - a +0 blowgun
 x - the +5 long sword of Zeushrao (weapon) {venom, MR++ Dex-3 SInv Stlth+}
   (You found it on level 4 of the Dungeon)

   It poisons the flesh of those it strikes.
   It affects your dexterity (-3).
   It affects your resistance to hostile enchantments.
   It lets you see invisible.
   It makes you more stealthy.
Missiles
 m - 29 poisoned needles
Armour
 b - a +0 leather armour (worn)
 f - a +0 cloak (worn)
 p - a +2 helmet (worn)
Jewellery
 g - an amulet of harm (around neck)
Scrolls
 k - a scroll of remove curse {unknown}
 n - 2 scrolls of immolation {unknown}
 o - a scroll of teleportation {unknown}
 q - a scroll of fear
 u - a scroll of blinking {unknown}
 v - a scroll of fog {unknown}
 w - a scroll of recharging {unknown}
 y - a scroll of amnesia {unknown}
Potions
 h - 2 potions of berserk rage
 i - 2 potions of heal wounds
 j - 2 potions of curing {unknown}
 l - a potion of haste {unknown}
 r - a potion of mutation {unknown}
 s - 2 potions of agility
 t - 2 potions of flight
Books
 c - a book of Battle

   Spells                             Type                      Level
   a - Infusion                       Charms                       1
   b - Shroud of Golubria             Charms/Translocation         2
   c - Song of Slaying                Charms                       2
   d - Spectral Weapon                Hexes/Charms                 3
   e - Regeneration                   Charms/Necromancy            3
Comestibles
 d - 4 bread rations
 z - a chunk of flesh


   Skills:
 + Level 4.2 Fighting
 - Level 2.0 Polearms
 - Level 0.8 Armour
 - Level 1.7 Dodging
 - Level 3.0 Spellcasting
 - Level 4.0 Charms


You had 2 spell levels left.
You knew the following spells:

 Your Spells              Type           Power        Failure   Level  Hunger
a - Infusion              Chrm           ##..         6%          1    #......
b - Song of Slaying       Chrm           ##......     10%         2    ##.....
c - Shroud of Golubria    Chrm/Tloc      #.........   21%         2    ##.....
d - Regeneration          Chrm/Necr      #.........   38%         3    ###....


Dungeon Overview and Level Annotations

Branches:
Dungeon (4/15)
 Temple: D:4-7

Altars:
Ashenzari
Gozag
Hepliaklqana
Ru
Uskayaw


Innate Abilities, Weirdness & Mutations

You have razor-sharp toenails.
You are immune to rotting.


Message History

You closely miss the orc priest. The orc priest closely misses you.
You hit the orc priest!
The orc priest looks as sick as possible!
The orc priest is severely wounded.
You kill the orc priest!
Your Fighting skill increases to level 4!
The orc priest hits you with a flail!
* * * LOW HITPOINT WARNING * * *
You barely miss the orc priest. You claw the orc priest.
The orc priest is lightly wounded.
The orc priest invokes the aid of Beogh against you.
You resist with almost no effort.
The orc priest mumbles some strange prayers to Beogh against you.
You resist with almost no effort.
You hit the orc priest!
The orc priest is poisoned.
You claw the orc priest, but do no damage.
The orc priest is severely wounded.
Your magical infusion is running out.
The orc priest hits you with a flail!
You die...

#.#.# #..........# #.#.#
#..........# #.#.#
#..........# #.#.#
#..!o......# #.#.# #o#'# ###
#.#.# #o#.# #.# #.#.#
#.#.#### ####.#
#.#.#########.#[...# #....#
#.............o@...# #.##.#
###...........#....####.####
#############....##.....#
#....##.#.### #....##.._..#
#.....###.#.# #.<...#.....#
#.....###.####
#..........#.#


You could see an orc priest.

Vanquished Creatures
  An ogre (D:4)
  An orc priest (D:4)
  3 adders
  2 oozes
  A worm (D:3)
  2 dart slugs
  A leopard gecko (D:4)
  An orc (D:3)
  A giant cockroach (D:1)
  8 goblins
  8 hobgoblins
  7 jackals
  6 kobolds
  A ball python (D:4)
  5 bats
  2 frilled lizards (D:1)
  12 rats
62 creatures vanquished.

Vanquished Creatures (others)
  A frilled lizard (D:1)
1 creature vanquished.

Grand Total: 63 creatures vanquished

Notes
Turn   | Place    | Note
-------+----------+-------------------------------------------
     0 | D:1      | Kaname the Demonspawn Skald began the quest for the Orb.
     0 | D:1      | Reached XP level 1. HP: 16/16 MP: 3/3
   383 | D:1      | Gained mutation: You have sharp toenails. [demonic ancestry]
   383 | D:1      | Reached XP level 2. HP: 15/22 MP: 5/5
   938 | D:1      | Gained mutation: You have razor-sharp toenails. [demonic ancestry]
   938 | D:1      | Reached XP level 3. HP: 26/27 MP: 0/6
   946 | D:1      | Learned a level 2 spell: Song of Slaying
   949 | D:1      | Learned a level 2 spell: Shroud of Golubria
  1381 | D:2      | Found a shattered altar of Ashenzari.
  1767 | D:2      | Found a hide-covered altar of Uskayaw.
  1771 | D:2      | Found a hazy altar of Hepliaklqana.
  2357 | D:3      | Gained mutation: You are immune to rotting. [demonic ancestry]
  2357 | D:3      | Reached XP level 4. HP: 33/33 MP: 7/7
  2368 | D:3      | Learned a level 3 spell: Regeneration
  2787 | D:4      | Got a jewelled long sword
  2788 | D:4      | Identified the +5 long sword of Zeushrao {venom, MR++ Dex-3 SInv Stlth+} (You found it on level 4 of the Dungeon)
  3032 | D:4      | Found a sacrificial altar of Ru.
  3145 | D:4      | Noticed an ogre
  3152 | D:4      | Killed an ogre
  3152 | D:4      | Reached XP level 5. HP: 41/42 MP: 1/9
  3201 | D:4      | Found an opulent altar of Gozag.
  3294 | D:4      | Mangled by an orc priest

Vault maps used:
D:1:      nicolae_arrival_somewhat_less_tricky_arrival, dk_noncrumbling_4,
          minmay_misc_feat_doors, minmay_strange_pillars, minivault_24
D:2:      nicolae_ashenzari_panopticon, grunt_temple_overflow_open,
          kennysheep_nondescript
D:3:      first_bread, minmay_misc_feat_four_crosses
D:4:      nicolae_gozag_cash_rules_everything_around_me,
          chequers_temple_overflow_minitemple, kennysheep_mini

Skill      XL: |  1  2  3  4  5 |
---------------+----------------+-----
Polearms       | 2 |  2.0
Charms         | 3 4 |  4.0
Spellcasting   | 3 |  3.0
Fighting       | 3 4 |  4.2
Armour         | |  0.8
Dodging        | |  1.7

Action                   |  1- 3 |  4- 6 || total
-------------------------+-------+-------++-------
Melee: Spear             |    25 |       ||    25
       Hand axe          |   103 |    20 ||   123
       Kick              |    13 |    10 ||    23
       Long sword        |       |    18 ||    18
 Cast: Infusion          |     4 |     4 ||     8
       Song of Slaying   |     1 |       ||     1
       Shroud of Golubri |       |     1 ||     1
  Use: Scroll            |       |     6 ||     6
 Stab: Sleeping          |       |     1 ||     1
  Eat: Chunk             |     5 |     3 ||     8
Armor: Leather armour    |    40 |    14 ||    54
Dodge: Dodged            |    65 |    23 ||    88
       Rpst.: Long sword |       |     3 ||     3
